 Dungeon Crawl Stone Soup version 0.21-a0-414-gba8bdf1 (webtiles) character file.

60043 Dysjunc the Blocker (level 14, -3/124 HPs)
             Began as a Gnoll Fighter on Nov 1, 2017.
             Was a High Priest of Okawaru.
             Slain by a manticore (4 damage)
             ... on level 6 of the Lair of Beasts on Nov 2, 2017.
             The game lasted 02:01:51 (26879 turns).

Dysjunc the Blocker (Gnoll Fighter)                Turns: 26879, Time: 02:01:51

Health: -3/124     AC: 23    Str: 31    XL:     14   Next: 97%
Magic:  34/36      EV: 19    Int: 12    God:    Okawaru [*****.]
Gold:   1373       SH:  0    Dex: 14    Spells: 3/32 levels left

rFire    + + +     SeeInvis .   t - +8 lajatang (slice)
rCold    x . .     Gourm    +   (shield currently unavailable)
rNeg     . . .     Faith    .   M - +0 fire dragon scales
rPois    +         Spirit   .   (helmet restricted)
rElec    .         Reflect  .   r - +1 cloak
rCorr    .         Harm     .   B - +0 pair of gloves
MR       +....     NoTele   +   o - +0 pair of boots of Happy Babbling {-Tele rF++ Regen+ MP+9}
Stlth    +.........             v - amulet of the gourmand
HPRegen  1.70/turn              Q - ring of the Demon Prince {-Tele rPois AC+2 Str+10 Int-2}
MPRegen  0.25/turn              L - ring of wizardry

@: confused, heroism, barbed spikes, very slightly contaminated, regenerating
A: distributed training, antennae 1, fangs 1, fire resistance 1, mutation
resistance 1, robust 1, shaggy fur 1, strong nose
a: Heroism, Finesse, Renounce Religion


You were on level 6 of the Lair of Beasts.
You worshipped Okawaru.
Okawaru was extremely pleased with you.
You were completely stuffed.

You visited 3 branches of the dungeon, and saw 20 of its levels.

You collected 2102 gold pieces.
You spent 729 gold pieces at shops.

Inventory:

Hand Weapons
 b - the +8 longbow "Goblinbane" {velocity, MR+ Dex+4 Stlth+}
   (Okawaru gifted it to you on level 5 of the Lair of Beasts)

   Any arrow fired from it inflicts extra damage.
   It affects your dexterity (+4).
   It affects your resistance to hostile enchantments.
   It makes you more stealthy.
 s - the +6 arbalest of the Wolf {elec, MR++ Str+3 Int+4 Stlth-}
   (You acquired it on level 11 of the Dungeon)

   It charges the ammunition it shoots with electricity; occasionally upon a
   hit, such missiles may discharge and cause terrible harm.
   It affects your strength (+3).
   It affects your intelligence (+4).
   It affects your resistance to hostile enchantments.
   It makes you less stealthy.
 t - a +8 lajatang of slicing (weapon)
 T - a +2 scimitar of flaming
Missiles
 D - 16 tomahawks
 O - 2 tomahawks of returning (quivered)
Armour
 o - the +0 pair of boots of Happy Babbling (worn) {-Tele rF++ Regen+ MP+9}
   (You found it on level 2 of the Lair of Beasts)

   It greatly protects you from fire.
   It affects your magic capacity (+9).
   It prevents most forms of teleportation.
   It increases your rate of regeneration.
 r - a +1 cloak (worn)
 B - a +0 pair of gloves (worn)
 M - +0 fire dragon scales (worn)
 X - a +2 hat of magic resistance
Jewellery
 v - an amulet of the gourmand (around neck)
 H - an uncursed ring of fire
 L - a ring of wizardry (right hand)
 Q - the ring of the Demon Prince (left hand) {-Tele rPois AC+2 Str+10 Int-2}
   (You found it on level 3 of the Lair of Beasts)

   [ring of protection]

   It affects your AC (+2).
   It affects your strength (+10).
   It affects your intelligence (-2).
   It protects you from poison.
   It prevents most forms of teleportation.
 S - an uncursed ring of positive energy
 Y - an uncursed ring of ice
Wands
 k - a wand of digging (5/24)
 l - a wand of lightning (0/15)
 n - a wand of paralysis (13/24)
 q - a wand of acid (9/15)
 A - a wand of iceblast (8/15)
 C - a wand of iceblast (5/15)
 P - a wand of random effects (25/48)
 R - a wand of confusion (29/48)
Scrolls
 c - a scroll of blinking
 i - a scroll of fear
 j - a scroll of enchant armour
 p - 4 scrolls of magic mapping
 z - a scroll of amnesia
 E - 3 scrolls of teleportation
 F - a scroll of identify
 I - 9 scrolls of remove curse
Potions
 g - a potion of lignification
 u - 4 potions of curing
 G - 2 potions of flight
 Z - 2 potions of invisibility
Books
 e - a book of Flames

   Spells                             Type                      Level
   a - Flame Tongue                   Conjuration/Fire             1
   b - Throw Flame                    Conjuration/Fire             2
   c - Conjure Flame                  Conjuration/Fire             3
   d - Inner Flame                    Hexes/Fire                   3
   e - Sticky Flame                   Conjuration/Fire             4
   f - Fireball                       Conjuration/Fire             5
 h - a book of Battle

   Spells                             Type                      Level
   a - Infusion                       Charms                       1
   b - Shroud of Golubria             Charms/Translocation         2
   c - Song of Slaying                Charms                       2
   d - Spectral Weapon                Hexes/Charms                 3
   e - Regeneration                   Charms/Necromancy            3
 x - Beereni's Catalogue of Lucky Fire
   (You found it on level 4 of the Lair of Beasts)

   Spells                             Type                      Level
   a - Infusion                       Charms                       1
   b - Conjure Flame                  Conjuration/Fire             3
   c - Sticky Flame                   Conjuration/Fire             4
   d - Bolt of Magma                  Conjuration/Fire/Earth       5
   e - Ring of Flames                 Charms/Fire                  7
 y - a book of the Sky

   Spells                             Type                      Level
   a - Summon Lightning Spire         Summoning/Air                4
   b - Silence                        Hexes/Air                    5
   c - Deflect Missiles               Charms/Air                   6
   d - Conjure Ball Lightning         Conjuration/Air              6
   e - Tornado                        Air                          9
 J - a book of Party Tricks

   Spells                             Type                      Level
   a - Summon Butterflies             Summoning                    1
   b - Apportation                    Translocation                1
   c - Lesser Beckoning               Translocation                3
   d - Tukima's Dance                 Hexes                        3
   e - Alistair's Intoxication        Transmutation/Poison         5
   f - Invisibility                   Hexes                        6
 U - a book of Maledictions

   Spells                             Type                      Level
   a - Corona                         Hexes                        1
   b - Ensorcelled Hibernation        Hexes/Ice                    2
   c - Confuse                        Hexes                        3
   d - Tukima's Dance                 Hexes                        3
   e - Dazzling Spray                 Conjuration/Hexes            3
Miscellaneous
 w - a lamp of fire (inert)
 V - a phantom mirror
Comestibles
 a - 8 fruits
 d - a meat ration
 f - 8 bread rations
 m - 13 royal jellies
 K - 9 chunks of flesh


   Skills:
 + Level 11.3(16.3) Fighting
 + Level 9.5(14.5) Short Blades
 + Level 9.5(14.5) Long Blades
 + Level 10.5(15.5) Axes
 + Level 9.5(14.5) Maces & Flails
 + Level 9.5(14.5) Polearms
 + Level 9.5(14.5) Staves
 + Level 9.5(14.5) Slings
 + Level 9.5(14.5) Bows
 + Level 9.5(14.5) Crossbows
 + Level 9.5(14.5) Throwing
 + Level 11.3(16.3) Armour
 + Level 9.5(14.5) Dodging
 + Level 9.5(14.5) Stealth
 + Level 11.3(16.3) Shields
 + Level 9.5(14.5) Unarmed Combat
 + Level 9.5 Spellcasting
 + Level 7.9 Conjurations
 + Level 7.9 Hexes
 + Level 7.9 Charms
 + Level 7.9 Summonings
 + Level 7.9 Necromancy
 + Level 7.9 Translocations
 + Level 7.9 Transmutations
 + Level 7.9 Fire Magic
 + Level 7.9 Ice Magic
 + Level 7.9 Air Magic
 + Level 7.9 Earth Magic
 + Level 7.9 Poison Magic
 + Level 10.3 Invocations
 + Level 9.5 Evocations


You had 3 spell levels left.
You knew the following spells:

 Your Spells              Type           Power        Failure   Level  Hunger
a - Ensorcelled Hibernat  Hex/Ice        ###...       1%          2    None
b - Apportation           Tloc           ###...       1%          1    None
c - Conjure Flame         Conj/Fire      ###.....     1%          3    ##.....
d - Tukima's Dance        Hex            ###.....     1%          3    ##.....
e - Confuse               Hex            ###.....     1%          3    ##.....
f - Bolt of Magma         Conj/Fire/Erth ###.......   10%         5    #####..
q - Regeneration          Chrm/Necr      ###.......   1%          3    ##.....
s - Spectral Weapon       Hex/Chrm       ###.....     1%          3    ##.....
w - Alistair's Intoxicat  Tmut/Pois      ###.....     10%         5    #####..
x - Infusion              Chrm           ###.         1%          1    None


Dungeon Overview and Level Annotations

Branches:
Dungeon (13/15)            Temple (1/1) D:6            Lair (6/6) D:10
  Swamp (0/4) Lair:4       Spider (0/4) Lair:4          Orc (0/2) D:11
 Vaults (0/5) D:13
  Slime: Lair:5-6

Altars:
Ashenzari
Cheibriados
Dithmenos
Elyvilon
Fedhas
Gozag
Hepliaklqana
Kikubaaqudgha
Makhleb
Nemelex Xobeh
Okawaru
Qazlal
Ru
Sif Muna
Trog
Uskayaw
Vehumet
Wu Jian
Xom
Yredelemnul
Zin
The Shining One

Shops:
D:4 ?   D:10 ?   D:11 !!

Portals:
Trove: D:13 (give 15 scrolls of teleportation)

Annotations:
D:10 blah's ghost, journeyman GrFi
Lair:1 exclusion: oklob plant
Lair:4 exclusion: ice statue
Lair:6 Rupert


Innate Abilities, Weirdness & Mutations

Your experience applies equally to all skills.
You have very sharp teeth.
Your uncanny sense of smell can sniff out nearby items.
You have a pair of small antennae on your head.
Your flesh is heat resistant. (rF+)
You are somewhat resistant to further mutation.
You are robust. (+10% HP)
You are covered in fur. (AC +1)


Message History

Rupert hits you with a battleaxe of electrocution!
* * * LOW HITPOINT WARNING * * *
You are electrocuted!
* * * LOW HITPOINT WARNING * * *
The spiny frog closely misses you.
You are confused.
You feel invigorated. Rupert misses you. The manticore bites you!
* * * LOW HITPOINT WARNING * * *
The manticore misses you. x2; The spiny frog barely misses you.
Evoke which item? (* to show all) (? for menu, Esc to quit)
Aim the lamp in which direction?
Press: ? - help, Dir - move target cursor, f - lindwurm, p - Rupert
Aim: a lindwurm The flames dance!
Rupert hits you with a battleaxe of electrocution!
* * * LOW HITPOINT WARNING * * *
You are electrocuted!
* * * LOW HITPOINT WARNING * * *
The spiny frog barely misses you. The manticore bites you.
You die...

.P...#P..#....###
....##...#...##.##
....###..#.#.#P..##
....###P.....#....#
....<##...........##
.....####.....#....#
....## #....#......#
...P# ##..P#.###F^##
....# #####..§@Hk.#
..... #...#@..#
..... ∆ #...#...#
.... .∆∆∆#####..##
..$ #.#...P#
....#......#
.........#.#
..#.#....##
#.......##


You could see Rupert (berserk), a manticore, a lindwurm and a spiny frog.

Vanquished Creatures
  Frances (D:12)
  Azrael (D:13)
  A dire elephant (Lair:6)
  A fire dragon (D:13)
  3 hydras
  A catoblepas (Lair:6)
  3 centaur warriors
  Erica (D:8)
  3 two-headed ogres
  The ghost of bombasticus the Fighter, a novice MiBe of Trog (D:11)
  3 death yaks (Lair:5)
  Urug (D:13)
  The ghost of slippy the Transmogrifier, a novice DrTm of Qazlal (D:8)
  A swamp dragon (shapeshifter) (D:13)
  A deep troll (D:13)
  An unseen horror (D:10)
  A lindwurm (Lair:6)
  A deep elf mage (D:13)
  4 oklob plants (Lair:5)
  4 manticores
  4 black mambas
  2 torpor snails
  14 spiny frogs
  3 rime drakes
  An efreet (D:13)
  A freezing wraith (Lair:4)
  7 komodo dragons
  3 polar bears
  3 trolls
  9 hippogriffs
  6 dream sheep
  10 blink frogs
  2 fire elementals (D:13)
  3 basilisks
  A human (D:9)
  2 wraiths
  A human (shapeshifter) (D:13)
  61 yaks
  4 hogs (D:9)
  3 vampire mosquitoes (Lair:4)
  12 water moccasins
  5 hell hounds (D:13)
  10 porcupines
  2 sky beasts
  14 orc warriors
  2 black bears
  10 ice beasts
  2 necrophages
  2 eyes of draining
  A tengu (shapeshifter) (D:13)
  7 ogres
  7 wolves
  A phantom (D:4)
  12 crocodiles
  7 centaurs
  2 big kobolds (D:11)
  12 bullfrogs
  A water moccasin zombie (D:7)
  2 gnoll sergeants
  A wyvern skeleton (D:11)
  7 scorpions
  9 killer bees
  7 wights
  4 electric eels (Lair:2)
  3 crimson imps
  A centaur zombie (D:12)
  4 howler monkeys
  2 bullfrog zombies
  4 jellies
  4 quasits
  4 bullfrog skeletons
  3 hounds
  15 orc wizards
  13 orc priests
  2 gnoll shamans
  Crazy Yiuf (D:2)
  A centaur skeleton (D:6)
  11 worker ants
  Natasha (twice) (D:2)
  5 iguanas
  A killer bee zombie (D:6)
  A hound skeleton (D:9)
  A worker ant zombie (D:6)
  16 gnolls
  15 adders
  2 river rats (D:3)
  A shadow imp (D:8)
  2 white imps (Lair:4)
  An ooze (D:4)
  An adder skeleton (D:10)
  4 dart slugs
  8 worms
  4 leopard geckos
  66 orcs
  2 ball pythons
  6 giant cockroaches
  14 goblins
  A hobgoblin (D:1)
  18 jackals
  2 quokkas
  8 bats
  8 frilled lizards
  15 kobolds
  A leopard gecko skeleton (D:4)
  A quokka skeleton (D:7)
  11 rats
  A butterfly (D:6)
  2 fungi
  2 plants (Lair:5)
603 creatures vanquished.

Vanquished Creatures (others)
  An unseen horror (D:10)
  A manticore (D:11)
  A centaur skeleton (D:13)
  A dancing weapon (D:13)
  A bullfrog skeleton (D:11)
  A bush (Lair:2)
  8 fungi
  9 plants
  7 spectral weapons
30 creatures vanquished.

Grand Total: 633 creatures vanquished

Notes
Turn   | Place    | Note
-------+----------+-------------------------------------------
     0 | D:1      | Dysjunc the Gnoll Fighter began the quest for the Orb.
     0 | D:1      | Reached XP level 1. HP: 23/23 MP: 1/1
   281 | D:1      | Reached XP level 2. HP: 29/29 MP: 2/2
   409 | D:1      | Reached XP level 3. HP: 35/35 MP: 3/3
  1108 | D:2      | Reached skill level 1 in Invocations
  1115 | D:2      | Found a sparkling altar of Nemelex Xobeh.
  1164 | D:2      | Reached skill level 1 in Short Blades
  1164 | D:2      | Reached skill level 1 in Long Blades
  1164 | D:2      | Reached skill level 1 in Maces & Flails
  1164 | D:2      | Reached skill level 1 in Polearms
  1164 | D:2      | Reached skill level 1 in Staves
  1164 | D:2      | Reached skill level 1 in Slings
  1164 | D:2      | Reached skill level 1 in Bows
  1164 | D:2      | Reached skill level 1 in Crossbows
  1164 | D:2      | Reached skill level 1 in Throwing
  1164 | D:2      | Reached skill level 1 in Dodging
  1164 | D:2      | Reached skill level 1 in Stealth
  1164 | D:2      | Reached skill level 1 in Unarmed Combat
  1164 | D:2      | Reached skill level 1 in Spellcasting
  1164 | D:2      | Reached skill level 1 in Evocations
  1171 | D:2      | Noticed Natasha
  1180 | D:2      | Killed Natasha
  1180 | D:2      | Reached XP level 4. HP: 37/41 MP: 5/5
  1306 | D:2      | Reached skill level 1 in Conjurations
  1306 | D:2      | Reached skill level 1 in Hexes
  1306 | D:2      | Reached skill level 1 in Charms
  1306 | D:2      | Reached skill level 1 in Summonings
  1306 | D:2      | Reached skill level 1 in Necromancy
  1306 | D:2      | Reached skill level 1 in Translocations
  1306 | D:2      | Reached skill level 1 in Transmutations
  1306 | D:2      | Reached skill level 1 in Fire Magic
  1306 | D:2      | Reached skill level 1 in Ice Magic
  1306 | D:2      | Reached skill level 1 in Air Magic
  1306 | D:2      | Reached skill level 1 in Earth Magic
  1306 | D:2      | Reached skill level 1 in Poison Magic
  1392 | D:2      | Noticed Natasha
  1404 | D:2      | Killed Natasha
  1404 | D:2      | Reached XP level 5. HP: 28/47 MP: 5/7
  1819 | D:2      | Found a runed door.
  1823 | D:2      | Noticed Crazy Yiuf
  1827 | D:2      | Killed Crazy Yiuf
  2434 | D:3      | Reached XP level 6. HP: 27/53 MP: 8/8
  2744 | D:3      | Found a sacrificial altar of Ru.
  2746 | D:3      | Found an ornate altar of the Wu Jian Council.
  2747 | D:3      | Found a snail-covered altar of Cheibriados.
  2762 | D:3      | Found a bloodstained altar of Trog.
  2766 | D:3      | Found a hazy altar of Hepliaklqana.
  3274 | D:3      | Reached skill level 5 in Axes
  3421 | D:4      | Reached XP level 7. HP: 59/59 MP: 10/10
  3588 | D:4      | Gained mutation: Your flesh is cold resistant. (rC+) [potion of mutation]
  3588 | D:4      | Gained mutation: You are robust. (+10% HP) [potion of mutation]
  4218 | D:4      | Found Ginuaret's Magic Scroll Boutique.
  4230 | D:4      | Got a warped dagger
  4236 | D:4      | Bought a scroll of enchant weapon for 75 gold pieces
  4236 | D:4      | Bought a scroll of remove curse for 30 gold pieces
  4247 | D:4      | Identified the +9 dagger of Glory {elec, +Fly rF+} (You found it on level 4 of the Dungeon)
  4799 | D:4      | Reached XP level 8. HP: 66/73 MP: 12/12
  4938 | D:5      | Entered Level 5 of the Dungeon
  5021 | D:4      | Lost mutation: You are robust. (+10% HP) [mutagenic meat]
  5925 | D:5      | Found a blossoming altar of Fedhas.
  6218 | D:6      | Found a staircase to the Ecumenical Temple.
  6238 | Temple   | Entered the Ecumenical Temple
  6294 | Temple   | Became a worshipper of Warmaster Okawaru
  6358 | D:6      | Reached XP level 9. HP: 72/72 MP: 14/14
  6412 | D:6      | Reached * piety under Okawaru
  6663 | D:7      | Lost mutation: Your flesh is cold resistant. (rC+) [potion of mutation]
  6663 | D:7      | Gained mutation: Your mind is acute. (Int +2) [potion of mutation]
  6663 | D:7      | Gained mutation: Your magical capacity is low. (-10% MP) [potion of mutation]
  6663 | D:7      | Gained mutation: Your muscles are strong. (Str +2) [potion of mutation]
  6664 | D:7      | Lost mutation: Your muscles are strong. (Str +2) [potion of mutation]
  6664 | D:7      | Lost mutation: Your magical capacity is low. (-10% MP) [potion of mutation]
  6664 | D:7      | Lost mutation: Your mind is acute. (Int +2) [potion of mutation]
  6664 | D:7      | Gained mutation: You are robust. (+10% HP) [potion of mutation]
  6664 | D:7      | Gained mutation: You are partially covered in molten scales. (AC +2) [potion of mutation]
  6664 | D:7      | Gained mutation: You tend to lose your temper in combat. [potion of mutation]
  6664 | D:7      | Gained mutation: You are covered in fur. (AC +1) [potion of mutation]
  7560 | D:8      | Noticed slippy's ghost (novice DrTm)
  7610 | D:8      | Killed slippy's ghost
  7610 | D:8      | Reached ** piety under Okawaru
  7610 | D:8      | Reached skill level 5 in Invocations
  7610 | D:8      | Reached XP level 10. HP: 88/88 MP: 15/17
  7667 | D:8      | Noticed Erica
  8023 | D:8      | Noticed a two-headed ogre
  8036 | D:8      | Killed a two-headed ogre
  8036 | D:8      | Reached *** piety under Okawaru
  8036 | D:8      | Reached skill level 5 in Short Blades
  8036 | D:8      | Reached skill level 5 in Long Blades
  8036 | D:8      | Reached skill level 5 in Maces & Flails
  8036 | D:8      | Reached skill level 5 in Polearms
  8036 | D:8      | Reached skill level 5 in Staves
  8036 | D:8      | Reached skill level 5 in Slings
  8036 | D:8      | Reached skill level 5 in Bows
  8036 | D:8      | Reached skill level 5 in Crossbows
  8036 | D:8      | Reached skill level 5 in Throwing
  8036 | D:8      | Reached skill level 5 in Dodging
  8036 | D:8      | Reached skill level 5 in Stealth
  8036 | D:8      | Reached skill level 5 in Unarmed Combat
  8036 | D:8      | Reached skill level 5 in Spellcasting
  8036 | D:8      | Reached skill level 5 in Evocations
  8200 | D:8      | Learned a level 2 spell: Ensorcelled Hibernation
  8541 | D:8      | Killed Erica
  9353 | D:9      | Noticed a two-headed ogre
  9367 | D:9      | Killed a two-headed ogre
  9400 | D:9      | Reached **** piety under Okawaru
  9408 | D:9      | Received a gift from Okawaru
  9408 | D:9      | Reached XP level 11. HP: 33/95 MP: 19/19
 10210 | D:9      | Reached skill level 5 in Conjurations
 10210 | D:9      | Reached skill level 5 in Hexes
 10210 | D:9      | Reached skill level 5 in Charms
 10210 | D:9      | Reached skill level 5 in Summonings
 10210 | D:9      | Reached skill level 5 in Necromancy
 10210 | D:9      | Reached skill level 5 in Translocations
 10210 | D:9      | Reached skill level 5 in Transmutations
 10210 | D:9      | Reached skill level 5 in Fire Magic
 10210 | D:9      | Reached skill level 5 in Ice Magic
 10210 | D:9      | Reached skill level 5 in Air Magic
 10210 | D:9      | Reached skill level 5 in Earth Magic
 10210 | D:9      | Reached skill level 5 in Poison Magic
 10287 | D:9      | Gained mutation: Your muscles are strong. (Str +2) [mutagenic meat]
 10289 | D:9      | Gained mutation: You have a pair of small antennae on your head. [mutagenic meat]
 10290 | D:9      | Gained mutation: Your flesh is heat resistant. (rF+) [mutagenic meat]
 10487 | D:10     | Entered Level 10 of the Dungeon
 10891 | D:9      | Reached ***** piety under Okawaru
 10901 | D:9      | Learned a level 1 spell: Infusion
 11209 | D:10     | Noticed a centaur warrior
 11212 | D:10     | Killed an unseen horror
 11224 | D:10     | Killed a centaur warrior
 11224 | D:10     | Received a gift from Okawaru
 11225 | D:10     | Got a fine trident {god gift}
 11417 | D:9      | Identified the +2 trident of Power {chaos, *Slow Dex+4 SInv} (Okawaru gifted it to you on level 10 of the Dungeon)
 11435 | D:10     | Got a translucent whip
 11446 | D:10     | Identified the +4 whip "Juorente" {pain, Dex+5} (You found it on level 10 of the Dungeon)
 11623 | D:10     | Noticed blah's ghost (journeyman GrFi)
 12393 | D:10     | Killed an unseen horror
 12417 | D:10     | Reached XP level 12. HP: 90/105 MP: 17/22
 12639 | D:10     | Found Siesoukogo's Magic Scroll Emporium.
 12670 | D:10     | Bought a scroll of enchant armour for 127 gold pieces
 12670 | D:10     | Bought a scroll of blinking for 127 gold pieces
 12670 | D:10     | Bought a scroll of remove curse for 51 gold pieces
 13109 | D:11     | Noticed a five-headed hydra
 13465 | D:11     | Found Umim's Distillery.
 13490 | D:11     | Bought a potion of might for 44 gold pieces
 13490 | D:11     | Bought a potion of invisibility for 88 gold pieces
 13496 | D:11     | Noticed a centaur warrior
 13497 | D:11     | Found a hazy altar of Hepliaklqana.
 13965 | D:10     | Found a staircase to the Lair.
 14110 | Lair:1   | Entered Level 1 of the Lair of Beasts
 14152 | D:11     | Killed a centaur warrior
 14315 | D:11     | Noticed bombasticus's ghost (novice MiBe)
 14341 | D:11     | Killed bombasticus's ghost
 14522 | D:11     | Found Covydgh Wyump's Distillery.
 14530 | D:11     | Bought a potion of might for 44 gold pieces
 14530 | D:11     | Bought a potion of mutation for 88 gold pieces
 14530 | D:11     | Bought a potion of heal wounds for 55 gold pieces
 14530 | D:11     | Identified 2 scrolls of acquirement
 14548 | D:11     | Got a crystal arbalest
 14549 | D:11     | Identified the +6 arbalest of the Wolf {elec, MR++ Str+3 Int+4 Stlth-} (You acquired it on level 11 of the Dungeon)
 14738 | D:11     | Found a shimmering altar of Xom.
 14799 | D:11     | Found a staircase to the Orcish Mines.
 14820 | D:11     | HP: 5/106 [orc warrior/glaive (4)]
 16144 | D:12     | Learned a level 3 spell: Spectral Weapon
 16615 | D:12     | Noticed Frances
 16627 | D:12     | Killed Frances
 16627 | D:12     | Reached skill level 10 in Fighting
 16627 | D:12     | Reached skill level 10 in Armour
 16627 | D:12     | Reached skill level 10 in Shields
 16907 | D:12     | Received a gift from Okawaru
 17043 | D:12     | Lost mutation: You are partially covered in molten scales. (AC +2) [potion of mutation]
 17043 | D:12     | Lost mutation: You tend to lose your temper in combat. [potion of mutation]
 17043 | D:12     | Lost mutation: Your muscles are strong. (Str +2) [potion of mutation]
 17043 | D:12     | Gained mutation: You are somewhat resistant to further mutation. [potion of mutation]
 17270 | D:13     | Noticed a centaur warrior
 17270 | D:13     | Noticed Urug
 17280 | D:13     | Killed a centaur warrior
 17280 | D:13     | Reached XP level 13. HP: 111/113 MP: 19/24
 17285 | D:13     | Killed Urug
 17343 | D:13     | Received a gift from Okawaru
 18896 | D:13     | Learned a level 3 spell: Tukima's Dance
 18900 | D:13     | Learned a level 3 spell: Regeneration
 19031 | D:13     | Noticed Azrael
 19083 | D:13     | Killed Azrael
 19083 | D:13     | Received a gift from Okawaru
 19291 | D:13     | Noticed a fire dragon
 19312 | D:13     | Killed a fire dragon
 19553 | D:13     | Found a gate to the Vaults.
 19640 | D:13     | Found a portal to a secret trove of treasure.
 20222 | Lair:1   | Received a gift from Okawaru
 21482 | Lair:2   | Got a pair of spiked boots
 21488 | Lair:2   | Identified the +0 pair of boots of Happy Babbling {-Tele rF++ Regen+ MP+9} (You found it on level 2 of the Lair of Beasts)
 21617 | Lair:2   | Received a gift from Okawaru
 22553 | Lair:2   | Reached XP level 14. HP: 101/122 MP: 26/26
 23430 | Lair:3   | Got a sparkling brass ring
 23432 | Lair:3   | Identified the ring of the Demon Prince {-Tele rPois AC+2 Str+10 Int-2} (You found it on level 3 of the Lair of Beasts)
 23502 | Lair:3   | Reached skill level 10 in Axes
 23787 | Lair:3   | Upgraded the game from 0.21-a0-405-gf2af9a1 to 0.21-a0-414-gba8bdf1
 23840 | Lair:4   | Found a hole to the Spider Nest.
 24167 | Lair:4   | Found a staircase to the Swamp.
 24440 | Lair:4   | Learned a level 1 spell: Apportation
 24441 | Lair:4   | Identified Beereni's Catalogue of Lucky Fire
 24616 | Lair:1   | Learned a level 3 spell: Conjure Flame
 24620 | Lair:1   | Learned a level 3 spell: Confuse
 24626 | Lair:1   | Learned a level 5 spell: Bolt of Magma
 24632 | Lair:1   | Learned a level 5 spell: Alistair's Intoxication
 25434 | Lair:5   | Reached skill level 10 in Invocations
 25572 | Lair:5   | Received a gift from Okawaru
 25575 | Lair:5   | Got a warped longbow {god gift}
 25576 | Lair:5   | Identified the +8 longbow "Goblinbane" {velocity, MR+ Dex+4 Stlth+} (Okawaru gifted it to you on level 5 of the Lair of Beasts)
 26449 | Lair:6   | Entered Level 6 of the Lair of Beasts
 26722 | Lair:6   | Noticed a dire elephant
 26734 | Lair:6   | Killed a dire elephant
 26749 | Lair:6   | Received a gift from Okawaru
 26846 | Lair:6   | Noticed Rupert
 26867 | Lair:6   | Received a gift from Okawaru
 26879 | Lair:6   | HP: 1/124 [Rupert/battleaxe of electrocution (10)]
 26879 | Lair:6   | Slain by a manticore

Vault maps used:
D:1:      dpeg_arrival_solitude
D:2:      old_standard_altar, serial_forest, infiniplex_forest_diagonal,
          infiniplex_forest_straight_4, infiniplex_forest_zigzag_1,
          infiniplex_forest_clump_curved, infiniplex_forest_lined_corner,
          infiniplex_forest_straight_2, infiniplex_forest_straight_2,
          patterned_corridor, uniq_natasha, uniq_crazy_yiuf_cottage
D:3:      minmay_overflow_temple_star_hex, lightli_sewer_entry_pipes,
          small_statue_alley_b
D:4:      cheibrodos_quashed, serial_shops, shop_scrolls,
          guppyfry_early_orc_mine
D:5:      fedhas_altar_3, first_bread
D:6:      minmay_temple_entry_butterflies
D:8:      uniq_erica
D:9:      grunt_livestock, minmay_misc_feat_secret_circle
D:10:     grunt_lair_entry_orc_guard_hut, serial_shops,
          nicolae_shop_behind_doors
D:11:     kennysheep_orc_monster_closet_entryway, serial_shops, shop, shop,
          hangedman_feature_mirror
D:12:     uniq_frances
D:13:     david_vaults_4, enter_trove_6, dk_noncrumbling_2, uniq_urug,
          uniq_azrael
Temple:   eino_wide_crystal_templ
Lair:1:   minivault_19, beast_lair_carwin_6, minmay_lair_oklob_chamber
Lair:2:   cheibrodos_lair_river_kwai, serial_bayou_lagoon_a,
          infiniplex_staircase_pool, serial_bayou_shore_b
Lair:4:   minmay_swamp_entry_swarm, nicolae_spider_entry_non_spiders,
          ice2_lemuel
Lair:5:   minmay_lair_oklob_tunnel, grunt_megastairs_1
Lair:6:   hangedman_lair_caniforms_friends, hangedman_lair_in_review,
          slime_altar_1, lemuel_fruit_fields, uniq_rupert

Skill      XL: |  1  2  3  4  5  6  7  8  9 10 11 12 13 14 |
---------------+-------------------------------------------+-----
Invocations    | 1 2 3 4 5 6 7 8 9 10 | 10.3
Short Blades   | 1 2 3 4 5 6 7 8 9 |  9.5
Long Blades    | 1 2 3 4 5 6 7 8 9 |  9.5
Maces & Flails | 1 2 3 4 5 6 7 8 9 |  9.5
Polearms       | 1 2 3 4 5 6 7 8 9 |  9.5
Staves         | 1 2 3 4 5 6 7 8 9 |  9.5
Slings         | 1 2 3 4 5 6 7 8 9 |  9.5
Bows           | 1 2 3 4 5 6 7 8 9 |  9.5
Crossbows      | 1 2 3 4 5 6 7 8 9 |  9.5
Throwing       | 1 2 3 4 5 6 7 8 9 |  9.5
Dodging        | 1 2 3 4 5 6 7 8 9 |  9.5
Stealth        | 1 2 3 4 5 6 7 8 9 |  9.5
Unarmed Combat | 1 2 3 4 5 6 7 8 9 |  9.5
Spellcasting   | 1 2 3 4 5 6 7 8 9 |  9.5
Evocations     | 1 2 3 4 5 6 7 8 9 |  9.5
Conjurations   | 1 2 3 4 5 6 7 |  7.9
Hexes          | 1 2 3 4 5 6 7 |  7.9
Charms         | 1 2 3 4 5 6 7 |  7.9
Summonings     | 1 2 3 4 5 6 7 |  7.9
Necromancy     | 1 2 3 4 5 6 7 |  7.9
Translocations | 1 2 3 4 5 6 7 |  7.9
Transmutations | 1 2 3 4 5 6 7 |  7.9
Fire Magic     | 1 2 3 4 5 6 7 |  7.9
Ice Magic      | 1 2 3 4 5 6 7 |  7.9
Air Magic      | 1 2 3 4 5 6 7 |  7.9
Earth Magic    | 1 2 3 4 5 6 7 |  7.9
Poison Magic   | 1 2 3 4 5 6 7 |  7.9
Axes           | 5 6 7 8 9 10 | 10.5
Fighting       | 7 8 9 10 11 | 11.3
Armour         | 7 8 9 10 11 | 11.3
Shields        | 7 8 9 10 11 | 11.3

Action                   |  1- 3 |  4- 6 |  7- 9 | 10-12 | 13-15 || total
-------------------------+-------+-------+-------+-------+-------++-------
Melee: War axe           |    95 |   163 |    17 |       |       ||   275
       Bite              |     8 |    14 |    31 |   111 |   114 ||   278
       Trident           |       |       |    37 |       |       ||    37
       Dagger            |       |       |   266 |   525 |       ||   791
       Whip              |       |       |       |    67 |       ||    67
       Lajatang          |       |       |       |   165 |   653 ||   818
       Scimitar          |       |       |       |       |    56 ||    56
       Punch             |       |       |       |       |     1 ||     1
Throw: Throwing net      |       |       |       |     1 |       ||     1
 Cast: Infusion          |       |       |       |     3 |     2 ||     5
       Ensorcelled Hiber |       |       |       |     1 |     3 ||     4
       Spectral Weapon   |       |       |       |     5 |    19 ||    24
       Regeneration      |       |       |       |       |     7 ||     7
       Tukima's Dance    |       |       |       |       |     3 ||     3
       Apportation       |       |       |       |       |     4 ||     4
       Conjure Flame     |       |       |       |       |     1 ||     1
       Bolt of Magma     |       |       |       |       |     1 ||     1
       Alistair's Intoxi |       |       |       |       |     1 ||     1
Invok: Heroism           |       |       |     1 |    27 |    15 ||    43
       Finesse           |       |       |       |     4 |     3 ||     7
Evoke: Wand              |       |       |     6 |     4 |     9 ||    19
       Lamp of fire      |       |       |       |       |     1 ||     1
  Use: Potion            |       |     2 |     7 |     9 |     7 ||    25
       Scroll            |       |     1 |    11 |    22 |    15 ||    49
 Stab: Sleeping          |       |       |     2 |       |     3 ||     5
       Held in net/web   |       |       |       |     1 |       ||     1
       Distracted        |       |       |       |     2 |     3 ||     5
  Eat: Chunk             |     1 |     8 |     9 |    12 |    38 ||    68
       Meat ration       |       |       |     1 |     1 |     1 ||     3
       Royal jelly       |       |       |       |     2 |       ||     2
       Bread ration      |       |       |       |     3 |       ||     3
       Fruit             |       |       |       |     3 |       ||     3
Armor: Scale mail        |    30 |    59 |       |       |       ||    89
       Chain mail        |       |    51 |    52 |       |       ||   103
       Leather armour    |       |       |    27 |       |       ||    27
       Plate armour      |       |       |    44 |   452 |   343 ||   839
       Skin              |       |       |    21 |     6 |       ||    27
       Fire dragon scale |       |       |       |       |   104 ||   104
Dodge: Dodged            |    38 |    68 |    80 |   366 |   524 ||  1076
Block: Shield            |    66 |    16 |       |       |       ||    82
       Buckler           |       |    37 |    69 |   170 |       ||   276
       Rpst.: Scimitar   |       |       |       |       |    11 ||    11

Table legend:
 A = Spawn XP
 B = Non-spawn XP
 C = Spawn XP percentage of total XP
 D = Spawn monster count
 E = Non-spawn monster count
 F = Spawn count percentage of total count
 G = Total turns spent on level
                    A         B        C        D         E        F      G
               +---------+---------+-------+---------+---------+-------+---------
         Total |       0 |   85776 |   0.0 |       0 |     601 |   0.0 | 26879
               +---------+---------+-------+---------+---------+-------+---------
           D:1 |       0 |      52 |   0.0 |       0 |      32 |   0.0 |  1064
           D:2 |       0 |     209 |   0.0 |       0 |      30 |   0.0 |  1264
           D:3 |       0 |     177 |   0.0 |       0 |      32 |   0.0 |  1030
           D:4 |       0 |     929 |   0.0 |       0 |      25 |   0.0 |  1818
           D:5 |       0 |     512 |   0.0 |       0 |      19 |   0.0 |  1008
           D:6 |       0 |     801 |   0.0 |       0 |      24 |   0.0 |   396
           D:7 |       0 |    1057 |   0.0 |       0 |      26 |   0.0 |   874
           D:8 |       0 |    3417 |   0.0 |       0 |      22 |   0.0 |  1936
           D:9 |       0 |    6334 |   0.0 |       0 |      42 |   0.0 |  2514
          D:10 |       0 |    5738 |   0.0 |       0 |      43 |   0.0 |  1999
          D:11 |       0 |    6809 |   0.0 |       0 |      51 |   0.0 |  1551
          D:12 |       0 |    5121 |   0.0 |       0 |      36 |   0.0 |  2331
          D:13 |       0 |   12105 |   0.0 |       0 |      56 |   0.0 |  2192
        Lair:1 |       0 |    4944 |   0.0 |       0 |      21 |   0.0 |  1339
        Lair:2 |       0 |    7373 |   0.0 |       0 |      37 |   0.0 |  1359
        Lair:3 |       0 |    4516 |   0.0 |       0 |      19 |   0.0 |  1309
        Lair:4 |       0 |    4232 |   0.0 |       0 |      32 |   0.0 |  1074
        Lair:5 |       0 |   12143 |   0.0 |       0 |      31 |   0.0 |  1319
        Lair:6 |       0 |    9307 |   0.0 |       0 |      23 |   0.0 |   430
               +---------+---------+-------+---------+---------+-------+---------
